[Event "FIDE WCCC Open-10 2024"]
[Site "Montesilvano"]
[Date "2024.11.22"]
[Round "7.39"]
[White "Tugsbilguun, Davganamdag"]
[Black "Montaigu Dupont, Arthur"]
[Result "1-0"]
[Annotator "NA RC"]
[ECO "B80"]
[WhiteElo "1660"]
[BlackElo "1767"]
[PlyCount "79"]
[EventDate "2024.11.18"]
[EventType "swiss"]
[EventCountry "ITA"]
[SourceTitle "playchess.com"]
[Source "ChessBase"]
[SourceQuality "1"]
[TimeControl "5400+30"]

1. e4 c5 2. Nf3 e6 3. d4 cxd4 4. Nxd4 Nc6 5. Nc3 Qc7 6. g3 a6 7. Bg2 Nf6 8. O-O Be7 9. b3 O-O 10. Bb2 Rb8 11. Nce2 d6 12. c4 Bd7 13. Qd2 Nxd4 14. Bxd4 e5 15. Bb2 b5 16. Rac1 Qb7 17. f3 Rfc8 18. cxb5 Bxb5 19. Bh3 Rxc1 20. Rxc1 Qb6+ 21. Kg2 h6 22. Nc3 Rd8 23. Nd5 Nxd5 24. Qxd5 Qe3 25. Rc2 Qe1 26. Rf2 Bg5 27. f4 exf4 28. Bg4 Rf8 29. Bh5 Qe3 30. Bd4 Qc1 31. h4 Bc6 32. Qf5 fxg3 33. Bxf7+ Kh8 34. hxg5 Rxf7 35. Qc8+ Kh7 36. g6+ Kxg6 37. Qg4+ Qg5 38. Qe6+ Rf6 39. Bxf6 gxf6 40. Qg8+ 1-0

[Event "FIDE WCCC Open-10 2024"]
[Site "Montesilvano"]
[Date "2024.11.22"]
[Round "7.40"]
[White "Katta, Sriansh"]
[Black "Grimm, Jakob"]
[Result "1-0"]
[Annotator "NA RC"]
[ECO "B40"]
[WhiteElo "1766"]
[BlackElo "1646"]
[PlyCount "59"]
[EventDate "2024.11.18"]
[EventType "swiss"]
[EventCountry "ITA"]
[SourceTitle "playchess.com"]
[Source "ChessBase"]
[SourceQuality "1"]
[TimeControl "5400+30"]

1. e4 e5 2. Nf3 Nc6 3. d4 exd4 4. Nxd4 Nf6 5. Nxc6 bxc6 6. Bd3 d5 7. exd5 cxd5 8. O-O c6 9. c4 Bd6 10. Re1+ Be6 11. cxd5 Nxd5 12. Qh5 Nc7 13. Nc3 g6 14. Qf3 Nd5 15. Nxd5 cxd5 16. Bb5+ Kf8 17. Rxe6 Kg7 18. Qc3+ f6 19. Bd2 Rc8 20. Qh3 h5 21. Bc3 Rf8 22. Rae1 d4 23. Bxd4 Bb4 24. Bc3 Bxc3 25. bxc3 Qa5 26. Re7+ Kg8 27. Qd7 Rc7 28. Rg7+ Kh8 29. Rh7+ Kg8 30. Bc4+ 1-0

[Event "FIDE WCCC Open-10 2024"]
[Site "Montesilvano"]
[Date "2024.11.22"]
[Round "7.41"]
[White "Czech, Emil"]
[Black "Nguyen, Huynh Minh Huy"]
[Result "0-1"]
[Annotator "TA"]
[ECO "B29"]
[WhiteElo "1608"]
[BlackElo "2423"]
[PlyCount "52"]
[EventDate "2024.11.18"]
[EventType "swiss"]
[EventCountry "ITA"]
[SourceTitle "playchess.com"]
[Source "ChessBase"]
[SourceQuality "1"]
[TimeControl "5400+30"]

1. e4 c5 2. Nf3 Nf6 3. e5 Nd5 4. Nc3 e6 5. Ne4 Nc6 6. Bb5 f5 7. Nc3 Nf4 8. g3 {[%emt 0:08:32] The position is equal.} Ng6 9. Bxc6 bxc6 10. d3 d5 11. exd6 Bxd6 12. h4 h6 13. h5 Ne7 14. Nh4 (14. Bf4 $16) 14... O-O 15. Qe2 Rf6 (15... Re8 $11) 16. Bd2 e5 17. O-O-O Rb8 18. Rdg1 Rf7 19. Ng6 Qa5 $2 {[%emt 0:01:25] [#]} (19... Nxg6 $16 {might work better.} 20. hxg6 Rf8) 20. Nxe7+ $2 ({Only move:} 20. Nxe5 $18 Rf6 21. Nc4) 20... Bxe7 (20... Rxe7 $11 {remains equal.} 21. Rh4 (21. Nd5 Qxa2 22. Nxe7+ Bxe7 $11) 21... Qd8) 21. Qxe5 $16 Rb7 22. a3 (22. Re1 $16) 22... Qa6 (22... Qb6 $1 $11 {keeps the balance.} 23. Na4 Qb5) 23. f3 $2 (23. Qf4 $16) 23... c4 $17 24. dxc4 $2 {[%emt 0:03:27][%mdl 8192] [#]} (24. Qd4 $17) 24... Bxa3 $1 $19 {[%emt 0:01:19][%mdl 512] Black is clearly winning.} 25. Qf4 (25. bxa3 Qxa3+) 25... Bxb2+ 26. Kd1 Rfe7 {[%emt 0:00:51] Weighted Error Value: White=0.98/Black=0.30.  Loses game:     	White=1     	---        Missed win:     	White=1     	---        Mistake:       	White=3     	Black=4      Inaccurate:     	White=2     	Black=3      OK:         	White=5     	Black=4      Best:        	White=1     	Black=1      Brilliant:      	---       	Black=1} 0-1

[Event "FIDE WCCC Open-10 2024"]
[Site "Montesilvano"]
[Date "2024.11.22"]
[Round "7.43"]
[White "Tamiolakis, Grigorios"]
[Black "Vardanyan, Armen Art."]
[Result "0-1"]
[Annotator "NA RC"]
[ECO "D55"]
[WhiteElo "1591"]
[BlackElo "1735"]
[PlyCount "56"]
[EventDate "2024.11.18"]
[EventType "swiss"]
[EventCountry "ITA"]
[SourceTitle "playchess.com"]
[Source "ChessBase"]
[SourceQuality "1"]
[TimeControl "5400+30"]

1. d4 d5 2. c4 e6 3. Nf3 Nf6 4. Bg5 Be7 5. Nc3 h6 6. Bxf6 Bxf6 7. e3 O-O 8. Qc2 b6 9. cxd5 exd5 10. Be2 Be6 11. O-O Qe7 12. Rfd1 c5 13. Ne5 Bxe5 14. dxe5 Nc6 15. Bf3 Rad8 16. Bxd5 Bxd5 17. Nxd5 Qxe5 18. Nc3 Qf6 19. a3 Ne5 20. Rd5 c4 21. Rxd8 Rxd8 22. Rd1 Rd3 23. f4 Ng4 24. Rxd3 cxd3 25. Qd2 Qf5 26. e4 Qc5+ 27. Kf1 Nxh2+ 28. Ke1 Qg1# 0-1

[Event "FIDE WCCC Open-10 2024"]
[Site "Montesilvano"]
[Date "2024.11.22"]
[Round "7.45"]
[White "Yevsieiev, Yaroslav"]
[Black "Bulat, Mansur"]
[Result "0-1"]
[Annotator "NA RC"]
[ECO "C58"]
[WhiteElo "1706"]
[BlackElo "1610"]
[PlyCount "48"]
[EventDate "2024.11.18"]
[EventType "swiss"]
[EventCountry "ITA"]
[SourceTitle "playchess.com"]
[Source "ChessBase"]
[SourceQuality "1"]
[TimeControl "5400+30"]

1. e4 e5 2. Nf3 Nc6 3. Bc4 Nf6 4. Ng5 d5 5. exd5 Na5 6. Bb5+ c6 7. dxc6 bxc6 8. Bd3 Ng4 9. h4 Bc5 10. Qf3 Qe7 11. Ne4 Bb6 12. b4 Nb7 13. Nc5 O-O 14. Bf5 Bxf5 15. Qxf5 Nh6 16. Qg5 f6 17. Qg3 Nxc5 18. bxc5 Bxc5 19. O-O Nf5 20. Qh3 Nd4 21. Ba3 Kh8 22. Qd3 Bxa3 23. Nxa3 Rad8 24. Kh1 Nb5 0-1

[Event "FIDE WCCC Open-10 2024"]
[Site "Montesilvano"]
[Date "2024.11.22"]
[Round "7.46"]
[White "DAmato, Raffaele"]
[Black "Shrubok, Herman"]
[Result "1-0"]
[Annotator "NA RC"]
[ECO "E61"]
[WhiteElo "1695"]
[BlackElo "1477"]
[PlyCount "107"]
[EventDate "2024.11.18"]
[EventType "swiss"]
[EventCountry "ITA"]
[SourceTitle "playchess.com"]
[Source "ChessBase"]
[SourceQuality "1"]
[TimeControl "5400+30"]

1. d4 Nf6 2. Nf3 g6 3. e3 Bg7 4. Bd3 O-O 5. O-O d6 6. c4 Nbd7 7. Nc3 e5 8. d5 Nc5 9. e4 a5 10. Be3 Ne8 11. Bxc5 dxc5 12. Ne1 f5 13. f3 fxe4 14. fxe4 Nf6 15. Nf3 Bg4 16. Be2 Nh5 17. Nd2 Bxe2 18. Nxe2 Bh6 19. Nf3 Qe7 20. Qb3 b6 21. Qc3 Rae8 22. Rad1 Nf4 23. Nxf4 Rxf4 24. Qe1 Ref8 25. Rd3 g5 26. g3 R4f6 27. Nd2 g4 28. Rxf6 Rxf6 29. Nf1 Qf7 30. Ne3 Rf3 31. Nxg4 Bg7 32. Rxf3 Qxf3 33. Nf2 Bh6 34. Qd1 Qf8 35. Qg4+ Kh8 36. Qf5 Qxf5 37. exf5 Be3 38. Kg2 Kg7 39. Ne4 Bd4 40. b3 h6 41. g4 Be3 42. h4 Bf4 43. d6 cxd6 44. Nxd6 e4 45. Nxe4 Bc7 46. g5 hxg5 47. hxg5 Be5 48. Kf3 Bc7 49. Kg4 Be5 50. Nf6 Bb8 51. Nd5 Ba7 52. f6+ Kg6 53. Ne7+ Kf7 54. Nc6 1-0